 Dungeon Crawl Stone Soup version 0.26.0-10-g1f06aea511 (webtiles) character file.

Game seed: 16167745457228003747

4337 Borgoz the Carver (level 10, 0/84 HPs)
             Began as a Ghoul Gladiator on Jan 18, 2021.
             Was an Elder of Okawaru.
             Slain by an ufetubus (1 damage)
             ... summoned by a ynoxinul
             ... on level 1 of the Abyss.
             The game lasted 00:15:25 (10771 turns).

Borgoz the Carver (Ghoul Gladiator)                Turns: 10771, Time: 00:15:26

Health: 0/84       AC: 16    Str: 19    XL:     10   Next: 33%
Magic:  0/12       EV: 13    Int:  3    God:    Okawaru [****..]
Gold:   552        SH:  3    Dex: 15    Spells: 9/9 levels left

rFire    . . .     SeeInvis .   q - +1 falchion (elec)
rCold    + . .     Faith    .   i - +0 buckler
rNeg     + + +     Spirit   +   p - +2 ring mail of Masochism {rN+ Dex+2}
rPois    ∞         Reflect  .   c - +0 helmet
rElec    .         Harm     .   r - +2 cloak
rCorr    .         Rampage  .   (no gloves)
Will     .....                  d - +2 pair of boots
Stlth    ++........             m - amulet of guardian spirit
HPRegen  0.00/turn              t - ring of stealth
MPRegen  0.13/turn              (no ring)

@: no status effects
A: claws 1, cold resistance 1, negative energy resistance 3, inhibited
regeneration, torment resistance, unbreathing
a: Renounce Religion, Heroism


You were on level 1 of the Abyss.
You worshipped Okawaru.
Okawaru was greatly pleased with you.
You visited 2 branches of the dungeon, and saw 9 of its levels.
You visited the Abyss 1 time.

You collected 552 gold pieces.

Inventory:

Hand Weapons
 a - a +1 long sword
 q - a +1 falchion of electrocution (weapon)
Armour
 c - a +0 helmet (worn)
 d - a +2 pair of boots (worn)
 i - a +0 buckler (worn)
 l - a +0 scale mail
 p - the +2 ring mail of Masochism (worn) {rN+ Dex+2}
   (You found it on level 1 of the Abyss)

   It affects your dexterity (+2).
   It protects you from negative energy.
 r - a +2 cloak (worn)
Jewellery
 b - an uncursed ring of flight
 g - an uncursed ring of fire
 m - an amulet of guardian spirit (around neck)
 o - an uncursed amulet of the acrobat
 t - a ring of stealth (left claw)
Wands
 s - a wand of paralysis (5)
 w - a wand of flame (14)
Scrolls
 e - 5 scrolls of enchant armour
 f - 7 scrolls of remove curse
 j - 2 scrolls of magic mapping
 k - 2 scrolls of enchant weapon
 n - a scroll of identify
 v - a scroll of noise {unknown}
Potions
 h - a potion of flight


   Skills:
 + Level 6.6 Fighting
 * Level 8.0 Long Blades
 - Level 1.7 Throwing
 * Level 7.4 Armour
 + Level 5.9 Dodging
 + Level 4.5 Invocations


You had 9 spell levels left.
You didn't know any spells.
Your spell library contained the following spells:

 Spells                   Type           Power        Failure   Level
 Apportation              Tloc           0%           86%         1
 Lesser Beckoning         Tloc           0%           99%         3
 Tukima's Dance           Hex            0%           99%         3
 Alistair's Intoxication  Tmut/Pois      0%           100%        5
 Invisibility             Hex            0%           100%        6


Dungeon Overview and Level Annotations

Branches:
Dungeon (8/15)             Temple (1/1) D:6
   Lair: D:8-11

Altars:
Cheibriados
Dithmenos
Elyvilon
Gozag
Hepliaklqana
Kikubaaqudgha
Makhleb
Okawaru
Qazlal
Ru
Sif Muna
Trog
Uskayaw
Vehumet
Wu Jian
Xom
Yredelemnul
Zin

Annotations:
D:8 Psyche


Innate Abilities, Weirdness & Mutations

You thrive by killing the living.
You are immune to poison.
You have sharp fingernails.
Your flesh is cold resistant. (rC+)
You are immune to negative energy. (rN+++)
You do not regenerate when monsters are visible.
You are immune to unholy pain and torment.
You can survive without breathing.


Message History

You feel better. The ufetubus closely misses you.
The ufetubus hits you but does no damage.
Something hits you but does no damage. The ynoxinul barely misses you.
The iron imp hits you but does no damage.
You hit the iron imp but do no damage.
The iron imp is severely wounded.
The ufetubus closely misses you.
The ufetubus hits you but does no damage.
Something hits you.
* * * LOW HITPOINT WARNING * * *
Something shocks you.
* * * LOW HITPOINT WARNING * * *
The ynoxinul hits you!
* * * LOW HITPOINT WARNING * * *
The ufetubus closely misses you. x2; You block the iron imp's attack.
Okay, then.
The ufetubus hits you.
* * * LOW HITPOINT WARNING * * *
The ufetubus hits you.
You die...

# #..##
..# . .
... . #..
#..# # #.
..#
#.#####.
# #..#..#
##.#555.#
. .# .#
#5#3#.#..
.. #@..5#
. ..
#.5.##55#
#...##
##.# .
#.##. # .
#.. .
..#. ##
#... .. .


You could see a ynoxinul, an iron imp and 6 ufetubi.

Vanquished Creatures
  A deep elf mage (D:7)
  An orange demon (Abyss:1)
  Joseph (D:7)
  A hornet (D:7)
  A neqoxec (Abyss:1)
  Edmund (D:4)
  Duvessa (D:4)
  2 phantoms
  4 orc warriors
  2 ice beasts (D:6)
  A sky beast (D:7)
  A black bear (D:7)
  An eye of draining (Abyss:1)
  4 ogres
  A centaur (D:6)
  A big kobold (D:7)
  2 bullfrogs (D:6)
  Dowan (D:4)
  2 scorpions
  A howler monkey (D:6)
  2 electric eels (D:7)
  A quasit (Abyss:1)
  A centaur skeleton (D:5)
  3 hounds
  5 orc priests
  Crazy Yiuf (D:6)
  3 orc wizards
  An iguana (D:4)
  5 worker ants
  2 worker ant zombies
  A howler monkey skeleton (D:5)
  4 gnolls
  9 adders
  2 shadow imps
  5 white imps
  An ufetubus (D:8)
  An adder zombie (D:5)
  A worm (D:2)
  2 dart slugs
  5 leopard geckos
  30 orcs
  A ball python (D:2)
  6 bats
  8 giant cockroaches
  12 goblins
  10 hobgoblins
  9 jackals
  12 kobolds
  5 quokkas
  2 frilled lizards
  A leopard gecko zombie (D:5)
  3 rats
184 creatures vanquished.

Vanquished Creatures (others)
  4 withered plants (D:7)
4 creatures vanquished.

Grand Total: 188 creatures vanquished

Notes
Turn   | Place    | Note
-------+----------+-------------------------------------------
     0 | D:1      | Borgoz the Ghoul Gladiator began the quest for the Orb.
     0 | D:1      | Reached XP level 1. HP: 17/17 MP: 0/0
    73 | D:1      | Reached XP level 2. HP: 25/25 MP: 1/1
   147 | D:1      | Reached skill level 3 in Long Blades
   237 | D:1      | Reached skill level 1 in Armour
   464 | D:1      | Reached XP level 3. HP: 9/30 MP: 2/2
  1039 | D:2      | Reached XP level 4. HP: 32/37 MP: 3/3
  1781 | D:3      | Reached XP level 5. HP: 22/45 MP: 4/4
  2788 | D:4      | Noticed Edmund
  2804 | D:4      | Killed Edmund
  2805 | D:4      | Reached skill level 4 in Long Blades
  2805 | D:4      | Reached XP level 6. HP: 30/51 MP: 1/5
  3562 | D:4      | Noticed Dowan
  3563 | D:4      | Noticed Duvessa
  3586 | D:4      | Killed Duvessa
  3587 | D:4      | Reached XP level 7. HP: 27/58 MP: 1/6
  3595 | D:4      | Killed Dowan
  4319 | D:5      | Entered Level 5 of the Dungeon
  4524 | D:5      | Reached skill level 5 in Long Blades
  5242 | D:4      | Reached XP level 8. HP: 49/67 MP: 3/7
  6209 | D:6      | Found a staircase to the Ecumenical Temple.
  6229 | Temple   | Entered the Ecumenical Temple
  6310 | Temple   | Became a worshipper of Warmaster Okawaru
  6585 | D:6      | HP: 2/67 [orc priest/divine providence (10)]
  6935 | D:6      | Reached skill level 5 in Armour
  6935 | D:6      | Reached skill level 1 in Invocations
  7173 | D:5      | Noticed a rust devil
  7173 | D:5      | Noticed a rust devil
  7479 | D:6      | Reached skill level 5 in Fighting
  7479 | D:6      | Reached skill level 6 in Long Blades
  7676 | D:6      | Reached * piety under Okawaru
  7818 | D:6      | Reached XP level 9. HP: 72/74 MP: 9/9
  8081 | D:6      | Found a runed translucent door.
  8082 | D:6      | Noticed Crazy Yiuf
  8182 | D:6      | Killed Crazy Yiuf
  8342 | D:7      | Found an ornate altar of the Wu Jian Council.
  8400 | D:7      | Reached skill level 5 in Dodging
  8661 | D:7      | Noticed a hornet
  8687 | D:7      | Killed a hornet
  8687 | D:7      | Reached ** piety under Okawaru
  9161 | D:7      | Reached skill level 7 in Long Blades
  9212 | D:7      | Found a basalt altar of Yredelemnul.
  9240 | D:7      | Noticed Joseph
  9257 | D:7      | Killed Joseph
  9259 | D:7      | Reached *** piety under Okawaru
  9632 | D:7      | Noticed a deep elf mage
  9642 | D:7      | Killed a deep elf mage
  9643 | D:7      | Reached XP level 10. HP: 66/84 MP: 7/12
 10519 | D:8      | Noticed Psyche
 10530 | D:8      | Cast into level 1 of the Abyss (Psyche)
 10540 | Abyss:1  | Noticed an apocalypse crab
 10644 | Abyss:1  | Noticed an orange demon
 10673 | Abyss:1  | Killed an orange demon
 10673 | Abyss:1  | Reached **** piety under Okawaru
 10691 | Abyss:1  | Got a brightly glowing ring mail
 10702 | Abyss:1  | Identified the +2 ring mail of Masochism {rN+ Dex+2} (You
                  | found it on level 1 of the Abyss)
 10760 | Abyss:1  | Reached skill level 8 in Long Blades
 10770 | Abyss:1  | HP: 2/84 [ynoxinul (8)]
 10771 | Abyss:1  | Slain by an ufetubus

Illustrated notes

Levels and vault maps discovered:
D:1:      amcnicky_arrival_flooded_fountain, layout_basic
D:2:      minmay_chambers_of_ones, layout_rooms, minmay_pentomino_x4
D:3:      layout_basic
D:4:      layout_basic, minmay_goblin_kobold_house, uniq_duvessa, uniq_edmund
D:5:      cheibrodos_iron_armory, layout_basic
D:6:      layout_loops_ring, minmay_temple_entry_trees, uniq_crazy_yiuf_cottage
D:7:      kennysheep_big_flooded_room, layout_basic, kennysheep_little_box,
          yredelemnul_altar_generic, guppyfry_early_elven_hall, uniq_joseph
D:8:      minmay_general_purpose_star, layout_layer_cave,
          minmay_fire_ice_demons, uniq_psyche, uniq_grum
Temple:   nicolae_temple_elliptical
Abyss:1:  base:
D:3

Skill      XL: |  1  2  3  4  5  6  7  8  9 10 |
---------------+-------------------------------+-----
Long Blades    | 3 4 5 6 7 8 |  8.0
Armour         | 1 2 3 4 5 7 |  7.4
Dodging        | 3 4 5 |  5.9
Fighting       | 3 4 5 6 |  6.6
Invocations    | 2 4 |  4.5
Throwing       | |  1.7

Action                   |  1- 3 |  4- 6 |  7- 9 | 10-12 || total
-------------------------+-------+-------+-------+-------++-------
Melee: Long sword        |    77 |   191 |   319 |       ||   587
       Falchion          |       |       |   144 |   113 ||   257
Throw: Throwing net      |     3 |     1 |       |       ||     4
  Use: Potion            |     2 |     8 |     2 |     1 ||    13
       Scroll            |       |     9 |     6 |     1 ||    16
 Stab: Invisible         |       |       |     1 |       ||     1
       Distracted        |       |       |       |     1 ||     1
Armor: Leather armour    |    29 |    24 |       |       ||    53
       Scale mail        |       |    53 |   177 |    48 ||   278
       Ring mail         |       |       |       |    23 ||    23
Dodge: Dodged            |    81 |   129 |   232 |    79 ||   521
Block: Buckler           |     4 |    33 |    69 |    18 ||   124
       Rpst.: Long sword |    21 |    41 |    45 |       ||   107
       Falchion          |       |       |    20 |    17 ||    37
